Map: [ESL] Goldenaura

Players

Oliveira

  • Race: Terran Terran
  • Spawn Location: 12:00

Reynor - Winner!

  • Race: Zerg Zerg
  • Spawn Location: 5:00

Event: ESL Spring 2024 Finals

VOD

Have the link to the VOD?

Description

Time

  • Played on: June 1, 2024, 6:53 p.m.
  • Length: 19:32

All games in this series

Show
View Real Time Build Order
Export as new Build Order

Oliveira Terran 

Build Orders: Reaper Expand 

Get SALT Encoding   

  12  0:00  SCV  
  13  0:12  SCV  
  14  0:17  Supply Depot  
  14  0:24  SCV  
  15  0:38  SCV  
  15  0:40  Barracks  
  16  0:45  Refinery  
  16  0:51  SCV  
  17  1:03  SCV  
  18  1:15  SCV  
  19  1:27  Orbital Command, Reaper  
  20  1:41  Command Center  
  20  1:49  Supply Depot  
  20  1:53  SCV  
  21  1:59  Marine  
  22  2:05  SCV  
  23  2:12  Factory  
  23  2:17  SCV  
  24  2:23  Barracks Reactor  
  24  2:29  SCV  
  25  2:41  SCV  
  26  2:50  Command Center  
  26  3:03  SCV  
  27  3:06  Barracks  
  27  3:07  Orbital Command  
  27  3:10  Cyclone  
  29  3:16  Cyclone  
  29  3:19  SCV  
  32  3:23  Refinery  
  32  3:31  SCV  
  32  3:33  SCV, Barracks Tech Lab  
  34  3:43  SCV  
  34  3:45  SCV  
  36  3:53  Marine  
  36  3:55  SCV  
  38  3:56  Stimpack  
  38  3:57  SCV  
  39  4:03  Orbital Command, Marine x2  
  39  4:06  Starport  
  39  4:07  SCV  
  43  4:10  SCV  
  43  4:11  Marine  
  43  4:14  Factory Reactor  
  44  4:19  SCV  
  44  4:21  Marine  
  44  4:22  SCV  
  44  4:23  Supply Depot  
  47  4:25  Marine  
  47  4:29  SCV, Marine  
  50  4:31  SCV  
  50  4:34  SCV  
  52  4:38  Marine  
  52  4:41  SCV  
  52  4:43  SCV, Marine  
  55  4:46  SCV, Supply Depot  
  55  4:47  Marine  
  57  4:53  SCV  
  57  4:54  Medivac x2  
  57  4:56  Marine  
  57  4:57  Engineering Bay  
  57  4:58  SCV x2, Engineering Bay  
  65  5:01  Marine  
  65  5:05  Marine  
  65  5:06  Refinery  
  67  5:07  Refinery  
  67  5:08  Factory Reactor  
  67  5:10  SCV  
  67  5:11  SCV  
  69  5:14  Marine, Supply Depot  
  69  5:17  SCV  
  69  5:19  Marine  
  72  5:22  SCV, Marine  
  72  5:23  Terran Infantry Weapons Level 1  
  72  5:27  Supply Depot  
  74  5:32  SCV  
  75  5:40  Barracks  
  75  5:41  Barracks  
  75  5:43  Combat Shield, Barracks  
  75  5:45  Marine  
  75  5:46  SCV  
  75  5:47  SCV, Terran Infantry Armor Level 1  
  75  5:49  Widow Mine x2  
  82  5:50  Marine  
  82  5:51  Orbital Command  
  82  5:56  Marine  
  84  5:58  SCV  
  84  6:00  Supply Depot  
  84  6:02  Medivac  
  84  6:03  SCV, Marine  
  89  6:09  Marine  
  89  6:10  SCV  
  91  6:12  Supply Depot  
  91  6:13  Widow Mine  
  91  6:18  Supply Depot  
  92  6:19  SCV  
  92  6:22  SCV, Hellion, Supply Depot, Medivac  
  92  6:23  SCV  
  92  6:25  Marine  
  100  6:30  Barracks Reactor  
  100  6:31  SCV, Barracks Reactor x2  
  101  6:34  SCV  
  101  6:35  SCV, Marine  
  101  6:37  Widow Mine  
  106  6:40  Armory  
  106  6:43  SCV  
  106  6:44  Refinery  
  106  6:45  Marine x2  
  106  6:46  SCV  
  110  6:49  Supply Depot  
  110  6:50  SCV  
  110  6:53  Factory  
  106  7:03  Marine x2  
  106  7:04  Widow Mine x2, Marine  
  106  7:07  SCV  
  112  7:08  SCV, Marine  
  112  7:12  SCV, Command Center  
  114  7:19  SCV  
  114  7:20  Marine x4, Supply Depot  
  114  7:21  Supply Depot  
  119  7:23  Marine  
  119  7:24  Medivac  
  119  7:26  Liberator  
  119  7:27  Widow Mine  
  119  7:28  Widow Mine  
  129  7:31  Terran Infantry Weapons Level 2  
  129  7:32  Marine  
  129  7:33  Supply Depot  
  129  7:35  SCV x2  
  129  7:36  SCV  
  133  7:37  Factory Tech Lab  
  133  7:42  Marine x3  
  133  7:43  Supply Depot  
  136  7:46  Terran Infantry Armor Level 2  
  136  7:48  Marine x2  
  136  7:51  Marine  
  139  7:52  Marine  
  139  7:57  Marine  
  139  7:58  Marine  
  140  8:02  Widow Mine  
  140  8:03  Drilling Claws, Widow Mine  
  140  8:04  Widow Mine  
  140  8:05  Supply Depot  
  147  8:07  Marine x4, Medivac  
  147  8:08  Marine  
  147  8:11  Marine, Medivac  
  157  8:15  Marine  
  157  8:16  Marine  
  157  8:19  Terran Vehicle And Ship Armor Level 1  
  159  8:23  Supply Depot  
  158  8:28  Supply Depot  
  158  8:31  Marine  
  158  8:32  Marine  
  158  8:33  Marine  
  150  8:35  Marine  
  150  8:36  Widow Mine  
  150  8:38  Marine x2  
  150  8:40  Widow Mine  
  155  8:44  Marine  
  155  8:47  Marine  
  150  8:48  Barracks  
  150  8:49  Marine  
  150  8:50  Widow Mine, Barracks x2  
  150  8:54  Marine x2  
  154  8:59  Marine x2  
  154  9:01  Medivac x2  
  158  9:08  Marine  
  157  9:10  Marine x2  
  157  9:13  Widow Mine  
  157  9:14  Marine  
  157  9:16  SCV x3  
  165  9:23  Marine  
  164  9:25  Command Center, Widow Mine  
  164  9:27  Marine  
  164  9:29  Marine  
  164  9:30  Marine  
  164  9:31  SCV, Medivac x2  
  164  9:35  Widow Mine x2  
  171  9:38  Marine  
  171  9:40  Marine  
  171  9:43  Marine  
  171  9:45  Marine  
  156  9:46  Marine x3  
  156  9:47  Widow Mine  
  156  9:48  Terran Infantry Weapons Level 3, Barracks Tech Lab x2  
  156  9:49  Barracks Tech Lab  
  156  9:52  Marine  
  161  9:54  Planetary Fortress  
  161  9:55  SCV  
  161  9:57  Marine x2  
  162  10:00  Marine  
  162  10:01  Marine  
  162  10:02  Marine  
  162  10:03  Widow Mine x2  
  162  10:04  Marauder  
  169  10:11  Marine x2  
  169  10:12  Marauder  
  165  10:17  Marine x3, Marauder  
  165  10:18  Widow Mine, Marauder  
  165  10:19  Medivac x2  
  165  10:20  SCV  
  177  10:24  Widow Mine  
  177  10:26  Marine  
  177  10:27  Marine, Marauder  
  173  10:34  Marine x2, Marauder  
  179  10:35  Widow Mine  
  179  10:40  Widow Mine, Marine x2  
  179  10:41  SCV x2  
  179  10:42  Concussive Shells  
  169  10:43  SCV, Ghost Academy  
  169  10:47  Marine x2  
  169  10:48  Command Center  
  169  10:49  Widow Mine, Marine  
  170  10:52  Liberator  
  170  10:53  Marine  
  170  10:56  Marine  
  173  10:58  Widow Mine, Liberator  
  173  11:03  Terran Infantry Armor Level 3  
  176  11:06  Marine, Refinery x2  
  176  11:09  Marine  
  176  11:10  Marine x2  
  180  11:14  Widow Mine  
  179  11:21  Marine x3  
  179  11:22  Marauder  
  183  11:27  Marine  
  183  11:28  Marauder  
  183  11:32  Marine x3, Marauder x2  
  193  11:33  SCV  
  193  11:34  Planetary Fortress  
  193  11:37  Marine  
  193  11:39  Widow Mine, Marine  
  184  11:43  Marine, Marauder  
  184  11:44  Widow Mine  
  180  11:49  Ghost  
  180  11:53  Marine x3, Ghost x2  
  172  11:54  Marine  
  172  11:55  Widow Mine, Marine x2  
  172  11:57  Marine  
  172  11:58  SCV  
  178  12:02  Marine  
  178  12:04  Ghost  
  181  12:11  Marine x3  
  181  12:12  Widow Mine x2, Liberator, Marine x2  
  181  12:13  Marine  
  181  12:14  Marine  
  193  12:16  Liberator  
  193  12:18  Widow Mine, Marauder  
  200  12:24  Personal Cloaking  
  200  12:31  Sensor Tower, Marine x2  
  200  12:49  Marine  
  197  12:52  Marine  
  187  12:58  Marine  
  187  13:01  Marine x2  
  187  13:03  Widow Mine  
  187  13:04  Ghost  
  194  13:06  Marine x2  
  194  13:08  Marine  
  194  13:09  Ghost  
  194  13:10  Marine, Planetary Fortress  
  194  13:12  Marine  
  189  13:15  Marine x2  
  189  13:19  Widow Mine x2, Liberator x2  
  191  13:20  Marine x2  
  191  13:22  Marine  
  191  13:25  Marine  
  189  13:29  Marine  
  189  13:32  Marine x2, Ghost x2  
  189  13:33  Command Center, Marine, Marauder  
  197  13:34  Command Center  
  197  13:37  Marine  
  197  13:38  Marine x2  
  200  13:44  Marine  
  183  13:52  Marine x2  
  183  13:53  Widow Mine x2  
  183  13:54  Widow Mine  
  183  13:55  Marauder  
  174  14:00  Marine x2, Marauder  
  174  14:01  Ghost x2  
  174  14:02  Marine x3  
  183  14:03  SCV x3  
  183  14:04  SCV  
  186  14:12  Marine x2  
  186  14:13  Liberator x2  
  186  14:14  Marine  
  186  14:16  Marine  
  194  14:18  Widow Mine x2  
  194  14:21  Marine  
  197  14:26  Marine  
  197  14:29  Widow Mine  
  200  14:37  Marine x2  
  200  14:38  Marine, Marauder  
  199  14:42  Marine  
  200  14:52  Marine x2, Marauder  
  200  14:59  Marine x2  
  199  15:02  Widow Mine  
  199  15:04  Marine x2, Marauder  
  199  15:05  Ghost x2  
  199  15:06  Marine x2  
  193  15:12  Marine  
  193  15:13  Marine  
  195  15:15  Liberator  
  195  15:16  Ghost  
  200  15:22  Orbital Command x2  
  200  15:29  Marine  
  200  15:30  Marauder  
  200  15:31  Marine x2  
  200  15:40  Command Center  
  200  16:02  Marine  
  178  16:13  Marine x2  
  178  16:14  Liberator x2  
  178  16:15  Ghost x2  
  178  16:16  Marine x2  
  190  16:22  Marine  
  190  16:23  Marine  
  175  16:27  Marine x2  
  166  16:33  Marine  
  166  16:37  Marine x2  
  166  16:38  Marine, Marauder x2  
  162  16:45  Marine  
  136  16:47  Marine x3, Marauder  
  136  16:48  Marauder  
  136  16:51  Widow Mine, Marine  
  136  16:55  Marine  
  136  16:56  Marine x2  
  136  16:57  Medivac x2  
  136  16:59  Marauder x2  
  147  17:03  Marine  
  147  17:05  Marine x2, Reaper  
  147  17:07  Widow Mine x2  
  149  17:08  Marine x3  
  149  17:13  Marine  
  149  17:14  Marine x2  
  152  17:20  Marine x2  
  152  17:21  Marine  
  149  17:22  Marine  
  149  17:23  Marine  
  149  17:25  Widow Mine  
  149  17:27  Marauder x2  
  157  17:30  Marine  
  157  17:31  Marine  
  157  17:32  Marine  
  157  17:34  Medivac x2  
  157  17:35  Widow Mine x2  
  168  17:40  SCV x3  
  168  17:42  Marine  
  170  17:45  Marine x2  
  167  17:53  Marine x2  
  149  17:59  Marine x2  
  149  18:00  Marine x2  
  149  18:01  Marine x2, Marauder x2  
  149  18:03  Widow Mine  
  149  18:04  Widow Mine  
  149  18:05  SCV, Ghost Academy, Marine  
  154  18:15  Marine x2  
  154  18:17  SCV  
  154  18:19  Marauder x2  
  162  18:21  Marine  
  162  18:23  Marine x2  
  162  18:24  Marauder  
  162  18:25  Orbital Command, Marine x3  
  162  18:26  Marauder  
  161  18:27  Widow Mine  
  161  18:33  Liberator  
  154  18:35  SCV x2  
  154  18:36  Missile Turret  
  154  18:38  Marine  
  154  18:39  Liberator  
  154  18:40  Marine x2  
  148  18:50  Marine x2  
Show
View Real Time Build Order
Export as new Build Order

Reynor Zerg - Winner!

Build Orders: Pool First 

Get SALT Encoding   

  12  0:00  Drone  
  13  0:11  Overlord  
  13  0:16  Drone  
  14  0:30  Drone x2  
  16  0:40  Spawning Pool  
  15  0:43  Drone  
  15  0:47  Drone  
  17  1:08  Hatchery  
  17  1:11  Drone  
  17  1:27  Zergling x6  
  17  1:30  Queen  
  22  1:34  Extractor  
  22  1:38  Overlord  
  21  1:49  Drone  
  22  2:00  Drone  
  23  2:06  Queen  
  25  2:10  Drone  
  26  2:19  Drone  
  26  2:21  Drone  
  28  2:26  Queen  
  30  2:30  Drone  
  30  2:33  Drone  
  32  2:41  Overlord  
  32  2:42  Drone x3  
  35  2:49  Drone  
  35  2:53  Drone  
  35  2:59  Drone  
  35  3:03  Drone  
  36  3:09  Drone  
  36  3:10  Hatchery  
  36  3:11  Queen  
  38  3:15  Metabolic Boost  
  38  3:16  Drone  
  39  3:20  Overlord  
  39  3:23  Drone  
  39  3:25  Drone  
  39  3:26  Drone  
  42  3:28  Drone  
  43  3:36  Drone  
  43  3:38  Queen  
  46  3:44  Drone, Overlord  
  46  3:46  Zergling x8  
  51  3:48  Drone  
  51  3:54  Overlord  
  52  4:02  Queen  
  52  4:05  Overlord  
  52  4:06  Drone  
  52  4:09  Zergling x2  
  56  4:13  Zergling x2  
  56  4:16  Queen  
  59  4:19  Zergling x2  
  59  4:21  Zergling x2  
  59  4:23  Zergling x2  
  62  4:24  Zergling x2  
  62  4:27  Zergling x4  
  62  4:28  Queen  
  67  4:33  Drone x3  
  70  4:40  Queen  
  70  4:42  Drone x2  
  70  4:44  Overlord  
  74  4:49  Overlord  
  74  4:54  Spore Crawler  
  74  4:55  Drone  
  74  4:59  Evolution Chamber x2, Extractor  
  71  5:00  Drone x3  
  71  5:02  Overlord  
  71  5:03  Drone x4  
  71  5:06  Drone  
  79  5:09  Drone, Spore Crawler  
  79  5:11  Drone x2  
  79  5:12  Drone  
  82  5:14  Drone  
  82  5:19  Drone  
  83  5:22  Drone  
  83  5:27  Zerg Ground Armor Level 1, Zerg Melee Weapons Level 1  
  84  5:28  Drone  
  84  5:29  Drone x2  
  84  5:30  Drone  
  87  5:41  Zergling x10  
  92  5:47  Lair, Zergling x2, Hatchery  
  92  5:48  Zergling x4  
  94  5:54  Zergling x8  
  98  5:58  Overlord  
  98  6:00  Baneling Nest, Overlord  
  98  6:01  Extractor, Drone  
  97  6:07  Drone  
  98  6:12  Overlord  
  98  6:20  Hatchery  
  98  6:22  Zergling x14  
  106  6:27  Zergling x4  
  107  6:35  Zergling x8  
  107  6:36  Zergling x8  
  115  6:40  Drone  
  114  6:48  Drone x2  
  114  6:49  Centrifugal Hooks  
  114  6:51  Drone  
  114  6:52  Overseer  
  117  6:57  Overlord  
  117  6:58  Drone x2  
  117  7:00  Drone x2  
  117  7:01  Drone x2  
  118  7:02  Drone x2  
  118  7:04  Drone  
  119  7:11  Zergling x6  
  119  7:12  Baneling x2  
  119  7:13  Baneling x7  
  119  7:14  Drone  
  123  7:21  Overlord  
  123  7:22  Drone x4  
  127  7:23  Zerg Ground Armor Level 2  
  127  7:24  Drone  
  127  7:26  Extractor x2  
  126  7:30  Drone  
  126  7:31  Drone x3  
  126  7:33  Overlord  
  126  7:35  Drone x5  
  126  7:36  Zerg Missile Weapons Level 1  
  135  7:38  Drone  
  135  7:41  Zergling x2  
  137  7:44  Zergling x8  
  137  7:45  Zergling x4  
  142  7:55  Zergling x14  
  142  7:58  Zergling x2  
  149  8:00  Drone x2  
  149  8:01  Drone  
  149  8:03  Baneling x10, Overlord  
  149  8:05  Drone x2  
  154  8:06  Extractor, Drone x3  
  154  8:11  Overlord  
  156  8:14  Drone x2  
  156  8:16  Overlord x4  
  157  8:20  Overlord  
  157  8:24  Baneling x7  
  157  8:25  Baneling x5  
  152  8:28  Zergling x18  
  152  8:30  Queen  
  152  8:32  Zergling x12  
  152  8:33  Queen  
  154  8:44  Hydralisk Den, Zergling x2  
  154  8:45  Zergling x16  
  154  8:47  Burrow  
  155  8:50  Drone x4  
  158  8:58  Drone x2  
  158  8:59  Drone  
  158  9:01  Zergling x18  
  165  9:04  Baneling x10  
  165  9:08  Drone x2  
  164  9:10  Extractor  
  164  9:13  Overlord  
  164  9:15  Drone x2  
  164  9:16  Drone x4, Zergling x2  
  164  9:17  Zergling x4  
  171  9:19  Muscular Augments  
  171  9:21  Hydralisk x2  
  171  9:22  Zergling x12  
  180  9:27  Hydralisk  
  180  9:28  Hydralisk, Zergling x8  
  180  9:30  Hydralisk  
  180  9:31  Extractor  
  184  9:33  Baneling x8  
  178  9:39  Hydralisk  
  178  9:40  Zergling x6  
  178  9:42  Hydralisk, Zergling x2  
  178  9:43  Zergling x2, Queen x5  
  177  9:49  Drone x3  
  179  9:53  Drone x3  
  179  9:54  Hydralisk x2  
  179  9:55  Zergling x10  
  179  9:58  Hydralisk  
  187  10:00  Zerg Missile Weapons Level 2  
  187  10:01  Hydralisk  
  187  10:02  Zergling x4  
  187  10:05  Baneling x2  
  187  10:06  Zergling x2  
  192  10:11  Zergling x8  
  177  10:17  Hydralisk  
  177  10:18  Zergling x6  
  180  10:22  Hydralisk  
  180  10:23  Overseer, Grooved Spines, Zergling x10  
  180  10:26  Hydralisk  
  180  10:27  Zergling x8  
  182  10:31  Queen  
  182  10:33  Hydralisk  
  179  10:39  Hydralisk, Zergling x4  
  179  10:40  Zergling x2  
  179  10:42  Hydralisk  
  175  10:43  Infestation Pit  
  175  10:44  Pneumatized Carapace  
  175  10:47  Hydralisk x2  
  175  10:48  Hydralisk x2  
  181  10:51  Zergling x12  
  181  10:52  Baneling  
  181  10:53  Baneling x4  
  183  10:57  Extractor  
  183  11:00  Zergling x2  
  183  11:01  Zergling x8  
  187  11:07  Drone x3  
  187  11:10  Extractor  
  189  11:12  Zergling x6  
  189  11:15  Hydralisk, Zergling x2  
  189  11:18  Zergling x6  
  196  11:22  Zergling x10  
  196  11:26  Baneling x7  
  196  11:27  Hatchery  
  196  11:28  Hive  
  196  11:30  Baneling x17  
  196  11:31  Zergling x8  
  199  11:36  Hydralisk  
  192  11:40  Zergling x2  
  192  11:41  Zergling x10  
  192  11:44  Hydralisk x2  
  193  11:48  Hydralisk  
  193  11:49  Zergling x8  
  193  11:50  Hydralisk, Zergling x4  
  198  11:56  Lurker Den  
  196  12:01  Hydralisk  
  196  12:02  Zergling x4  
  199  12:18  Zerg Melee Weapons Level 2, Spore Crawler x2  
  199  12:20  Hatchery  
  196  12:24  Spore Crawler  
  195  12:30  Zergling x2  
  195  12:31  Zergling x20  
  200  12:39  Overlord  
  200  12:45  Baneling x2  
  200  12:46  Baneling x8, Queen  
  200  12:50  Zergling x12  
  200  12:51  Zergling x4  
  199  12:54  Overseer  
  199  12:55  Hydralisk x3  
  199  12:56  Zergling x2  
  199  12:57  Spore Crawler  
  198  12:58  Overlord  
  198  13:01  Baneling x7  
  198  13:06  Zerg Ground Armor Level 3, Seismic Spines  
  198  13:12  Zergling x20  
  199  13:13  Hydralisk  
  199  13:14  Zergling x2  
  197  13:21  Zergling x6  
  197  13:22  Hatchery  
  198  13:34  Nydus Network  
  195  13:43  Zergling x30  
  195  13:46  Hydralisk  
  195  13:47  Zergling x16  
  193  13:50  Hydralisk  
  193  13:51  Zergling x4  
  193  13:52  Queen, Hatchery  
  193  13:53  Hydralisk  
  182  13:56  Hydralisk  
  182  13:57  Zergling x4  
  182  14:00  Zergling x8  
  182  14:02  Zergling x2  
  190  14:03  Adaptive Talons  
  190  14:04  Zergling x6  
  190  14:09  Zergling x10  
  198  14:15  Zergling x2  
  192  14:17  Zergling x8  
  196  14:26  Hatchery  
  196  14:27  Hatchery  
  194  14:33  Hydralisk  
  194  14:34  Zergling x22  
  194  14:38  Zergling x2  
  183  14:41  Zergling x2  
  183  14:45  Zergling x12  
  189  14:49  Zergling x2  
  184  14:53  Viper x2  
  184  14:54  Viper  
  184  14:58  Hydralisk  
  189  15:01  Hydralisk x2  
  189  15:02  Zergling x4  
  189  15:05  Zergling x2  
  189  15:06  Zergling x2  
  186  15:07  Overseer  
  186  15:10  Lurker x14  
  186  15:14  Hatchery  
  197  15:33  Zergling x10  
  199  15:55  Nydus Canal  
  199  16:01  Hydralisk  
  199  16:02  Zergling x32  
  192  16:08  Hydralisk, Zergling x2  
  192  16:09  Zergling x14  
  188  16:11  Hydralisk x2  
  188  16:12  Zergling x4  
  188  16:13  Zergling x2  
  188  16:15  Hydralisk x2  
  193  16:18  Nydus Canal  
  193  16:20  Hatchery  
  193  16:23  Hydralisk x4  
  193  16:24  Zergling x2  
  180  16:27  Adrenal Glands  
  180  16:28  Hydralisk x3  
  180  16:30  Hydralisk  
  165  16:33  Hydralisk x2  
  165  16:37  Hydralisk  
  165  16:39  Hydralisk x2  
  159  16:40  Zergling x2  
  159  16:44  Nydus Canal  
  160  16:48  Hatchery  
  160  16:51  Lurker x4  
  160  16:52  Lurker x2  
  156  17:02  Hydralisk x3  
  159  17:10  Hydralisk x2  
  159  17:13  Nydus Canal  
  160  17:22  Lurker x5  
  159  17:28  Hydralisk, Zergling x4  
  163  17:43  Zergling x16  
  165  18:01  Zergling x16  
  165  18:02  Zergling x8  
  175  18:09  Nydus Canal  
  175  18:15  Hydralisk, Zergling x2  
  175  18:16  Zergling x16  
  172  18:33  Hydralisk  
  167  18:34  Zergling x10  
  164  18:51  Lurker x2  
  164  18:52  Lurker  
  164  18:53  Hydralisk x11, Zergling x2  
  183  19:03  Lurker x2  
  183  19:04  Baneling x11  
  183  19:07  Hydralisk  
  183  19:08  Zergling x8  
Tags
 
Add a new tag
Caveats
  • Supply blocks, unpowered buildings, or Contaminate may cause inaccurate times.
  • Supply counts are checked every 10 seconds.